 Dungeon Crawl Stone Soup version 0.29-a0-802-g34511f41fd (webtiles) character file.

Game seed: 12407506069930355042

44 purpskrrrp the Sneak (level 3, -2/24 HPs)
             Began as an Octopode Brigand on July 3, 2022.
             Slain by Terence
             ... wielding a +0 flail
              (4 damage)
             ... on level 2 of the Dungeon.
             The game lasted 00:03:15 (927 turns).

purpskrrrp the Sneak (Octopode Brigand)              Turns: 927, Time: 00:03:15

Health: -2/24      AC:  1    Str: 10    XL:     3   Next: 60%
Magic:  3/3        EV: 12    Int: 13    God:
Gold:   125        SH:  0    Dex: 15    Spells: 2/2 levels left

rFire   . . .      SeeInvis .   a - +2 dagger
rCold   . . .      Faith    .   (no shield)
rNeg    . . .      Spirit   .   (helmet restricted)
rPois   .          Reflect  .   (no amulet)
rElec   .          Harm     .   (no ring)
rCorr   .          Rampage  .   (no ring)
Will    .....                   (no ring)
Stlth   ++++......              (no ring)
HPRegen 0.08/turn               (no ring)
MPRegen 0.08/turn               (no ring)
                                (no ring)
                                (no ring)

@: no status effects
A: almost no armour, amphibious, 8 rings, camouflage 1, gelatinous body 1,
(nimble swimmer 1), tentacles
a: no special abilities


You were on level 2 of the Dungeon.
You visited 1 branch of the dungeon, and saw 2 of its levels.

You collected 125 gold pieces.

Inventory:

Hand Weapons
 a - a +2 dagger (weapon)
Missiles
 b - 9 poisoned darts (quivered)
 c - 3 curare-tipped darts
Scrolls
 d - a scroll of identify
 e - a scroll of amnesia {unknown}
Potions
 f - a potion of might {unknown}
 g - a potion of heal wounds {unknown}
 h - 2 potions of mutation {unknown}
 i - a potion of magic {unknown}
 j - a potion of degeneration {unknown}
 k - a potion of invisibility {unknown}


   Skills:
 + Level 2.0 Fighting
 * Level 2.2 Short Blades
 + Level 2.2 Throwing
 + Level 1.0 Dodging
 * Level 6.8 Stealth


You had 2 spell levels left.
You didn't know any spells.
Your spell library was empty.

Dungeon Overview and Level Annotations

Branches:
Dungeon (2/15)

Altars:
Trog

Annotations:
D:2 Terence


Innate Abilities, Weirdness & Mutations

You cannot wear most types of armour.
You are amphibious.
You can wear up to eight rings at the same time.
Your skin changes colour to match your surroundings (Stealth+).
Your rubbery body absorbs attacks. (AC +1, EV +1)
((You are camouflaged when in or above water. (Stealth+)))
You have tentacles for arms and can constrict up to eight enemies at once.


Message History

Terence shouts, "Now you die!" Terence barely misses you.
You hit Terence but do no damage. You grab Terence.
You constrict Terence, but do no damage.
Terence barely misses you.
You hit Terence.
Terence is lightly wounded.
You constrict Terence, but do no damage.
Terence misses you.
You hit Terence but do no damage.
You constrict Terence, but do no damage.
Terence hits you with a +0 flail.
You hit Terence but do no damage.
You constrict Terence, but do no damage.
Terence barely misses you.
You hit Terence.
Terence is moderately wounded.
You constrict Terence, but do no damage.
Terence hits you with a +0 flail!
You are too injured to fight recklessly!
You are too injured to fight recklessly!
You are too injured to fight recklessly!
You are too injured to fight recklessly!
You are too injured to fight recklessly!
You hit Terence but do no damage.
Terence is moderately wounded.
You constrict Terence, but do no damage.
Terence hits you with a +0 flail!
* * * LOW HITPOINT WARNING * * *
You hit Terence but do no damage.
Terence is moderately wounded.
You constrict Terence. You hit Terence but do no damage.
Terence is moderately wounded.
You constrict Terence, but do no damage.
Terence misses you.
You hit Terence but do no damage.
Terence is moderately wounded.
You constrict Terence. Terence hits you with a +0 flail.
You die...

#######
#.....#
#..[..#
#.....#
#.....#
#..@..##
#...@..######
#............
#.....######
#.......##
#.....#..###
####.##....###
##.#≈.≈≈≈≈P###
#...≈≈≈≈♣≈≈≈P
#..P.≈♣♣♣♣≈P#


You could see Terence.

Vanquished Creatures
  2 adders (D:2)
  2 dart slugs (D:2)
  An endoplasm (D:2)
  2 giant cockroaches
  3 goblins
  4 hobgoblins (D:1)
  2 kobolds (D:2)
  2 ball pythons (D:1)
  A bat (D:2)
  2 rats
21 creatures vanquished.

Vanquished Creatures (others)
  7 plants (D:2)
7 creatures vanquished.

Grand Total: 28 creatures vanquished

Notes
Turn   | Place    | Note
-------+----------+-------------------------------------------
     0 | D:1      | purpskrrrp the Octopode Brigand began the quest for the
                  | Orb.
     0 | D:1      | Reached XP level 1. HP: 14/14 MP: 1/1
   189 | D:1      | Reached XP level 2. HP: 19/19 MP: 2/2
   590 | D:2      | Reached skill level 6 in Stealth
   602 | D:2      | Found a bloodstained altar of Trog.
   648 | D:2      | Reached XP level 3. HP: 24/24 MP: 3/3
   915 | D:2      | Noticed Terence
   927 | D:2      | Slain by Terence

Illustrated notes

Levels and vault maps discovered:
D:1:      dpeg_arrival_more_subterranean_lakeside_camping, layout_basic,
          hangedman_decor_slide_cut
D:2:      minmay_chambers_of_ones, layout_rooms, basic_altar,
          hellmonk_ecumenical_altar_crossroads, serial_bayou_pond_c,
          uniq_terence

Skill      XL: |  1  2 |
---------------+-------+-----
Stealth        | 6 |  6.8
Fighting       | |  2.0
Short Blades   | |  2.2
Throwing       | |  2.2
Dodging        | |  1.0

Action                   || total
-------------------------++-------
Melee: Dagger            ||    46
       Constrict         ||     8
       Tentacles         ||     4
  Use: Scroll            ||     3
       Potion            ||     1
 Stab: Sleeping          ||     8
Armor: Skin              ||     4
Dodge: Dodged            ||    28

Table legend: (Time is in decaauts)
 A = Elapsed time spent in this place.
 B = Non-inter-level travel time spent in this place.
 C = Inter-level travel time spent in this place.
 D = Time resting spent in this place.
 E = Time spent auto-exploring this place.
 F = Levels seen in this place.
 G = Mean time per level.
                   A        B        C        D        E       F      G
               +--------+--------+--------+--------+--------+-----+--------+
         Total |    922 |    918 |      4 |    244 |    515 |   2 |  461.0 |
       Dungeon |    922 |    918 |      4 |    244 |    515 |   2 |  461.0 |
               +--------+--------+--------+--------+--------+-----+--------+

Top non-repeatable levels by time:
     D:1: 575 daAuts
     D:2: 346 daAuts
